 Dungeon Crawl Stone Soup version 0.31.0-1-g2c135a0 (webtiles) character file.

Game seed: 12658369892186350724

5273 edsrzf the Carver (level 10, -19/60 HPs)
             Began as an Octopode Reaver on Feb 1, 2024.
             Was an Initiate of Gozag.
             Killed by an exploding orc warrior (30 damage)
             ... ignited by their inner flame
             ... on level 9 of the Dungeon.
             The game lasted 00:19:54 (8693 turns).

edsrzf the Carver (Octopode Reaver)                 Turns: 8693, Time: 00:19:56

Health: -19/60     AC:  5    Str: 11    XL:     10   Next: 63%
Magic:  19/19      EV: 14    Int: 18    God:    Gozag
Gold:   1006       SH:  5    Dex: 13    Spells: 9/21 levels left

rFire   . . .        a - +6 dagger of the Viny God {protect, rC+}
rCold   + . .        (no shield)
rNeg    . . .        z - +0 hat
rPois   +            I - amulet of reflection
rElec   .            f - ring of poison resistance
rCorr   .            D - +4 ring of protection
SInv    .            (no ring)
Will    .....        (no ring)
Stlth   +++++        (no ring)
HPRegen 0.30/turn    (no ring)
MPRegen 0.16/turn    (no ring)
                     (no ring)

%: reflection
@: weak-willed, gold aura
A: almost no armour, amphibious, 8 rings, camouflage 1, gelatinous body 1,
(nimble swimmer 1), tentacles
a: Renounce Religion, Potion Petition, Call Merchant, Bribe Branch


You were on level 9 of the Dungeon.
You worshipped Gozag.
Gozag was most pleased with you.
You visited 1 branch of the dungeon, and saw 9 of its levels.

You collected 1196 gold pieces.
You spent 154 gold pieces at shops.
You paid 36 gold pieces to Gozag.

Inventory:

Hand Weapons
 a - the +6 dagger of the Viny God (weapon) {protect, rC+}
   (You bought it in a shop on level 3 of the Dungeon)

   rC+:       It protects you from cold.
 b - a +1 dagger of electrocution
 l - a +0 dagger of venom
 v - a +1 falchion of venom
 B - a +2 dagger of venom
Missiles
 m - 2 throwing nets {=f}
 s - 7 poisoned darts
Armour
 z - a +0 hat (worn)
Jewellery
 f - a ring of poison resistance (left tentacle)
 D - a +4 ring of protection (right tentacle)
 I - an amulet of reflection (around mantle)
Talismans
 G - a maw talisman
Wands
 o - a wand of polymorph (10)
 p - a wand of flame (28)
 w - a wand of digging (3)
 A - a wand of charming (11)
 H - a wand of mindburst (11)
Scrolls
 e - a scroll of amnesia
 i - a scroll of immolation
 n - a scroll of fog
 q - a scroll of revelation
 y - a scroll of vulnerability
 E - a scroll of teleportation {unknown}
Potions
 c - a potion of invisibility
 d - 2 potions of magic
 g - a potion of lignification
 h - a potion of cancellation
 j - a potion of degeneration {unknown}
 r - 2 potions of enlightenment {unknown}
 t - a potion of mutation {unknown}
 x - 2 potions of might {unknown}
 F - a potion of heal wounds {unknown}


   Skills:
 - Level 2.0 Fighting
 + Level 11.5 Long Blades
 + Level 4.5 Dodging
 - Level 10.0 Stealth
 - Level 6.0 Spellcasting
 - Level 3.0 Conjurations
 - Level 3.1 Translocations


You had 9 spell levels left.
You knew the following spells:

 Your Spells              Type           Power      Damage    Failure   Level
a - Kiss of Death         Conj/Necr      40%        2d8       6%          1
b - Momentum Strike       Conj/Tloc      32%        3d8       5%          2
c - Blink                 Tloc           32%        N/A       4%          2
d - Stone Arrow           Conj/Erth      20%        3d8       19%         3
u - Dispel Undead         Necr           5%         3d7       75%         4

Your spell library contained the following spells:

 Spells                   Type           Power      Damage    Failure   Level
 Lesser Beckoning         Tloc           32%        N/A       4%          2
 Sandblast                Erth           10%        2d5       12%         1
 Summon Small Mammal      Summ           20%        N/A       12%         1
 Cigotuvi's Dreadful Rot  Necr/Alch/Air  10%        N/A       19%         2
 Hailstorm                Conj/Ice       10%        3d6       19%         3
 Call Canine Familiar     Summ           5%         N/A       34%         3
 Passwall                 Erth           5%         N/A       34%         3
 Brom's Barrelling Bould  Conj/Erth      10%        2d3       54%         4
 Martyr's Knell           Necr/Summ      5%         N/A       75%         4
 Olgreb's Toxic Radiance  Alch           5%         N/A       75%         4
 Summon Blazeheart Golem  Fire/Summ      5%         N/A       75%         4
 Death Channel            Necr           2%         N/A       100%        6
 Ozocubu's Refrigeration  Ice            2%         4d8       100%        7
 Discord                  Hex            2%         N/A       100%        8
 Lehudib's Crystal Spear  Conj/Erth      5%         10d3      100%        8
 Animate Armour           Summ/Erth      Unusable   N/A       N/A         4

Dungeon Overview and Level Annotations

Branches:
Dungeon (9/15)             Temple (0/1) D:5             Orc (0/2) D:9
   Lair: D:8-11

Altars:
Ashenzari
Dithmenos
Elyvilon
Gozag
Hepliaklqana
Kikubaaqudgha
Makhleb
Qazlal
Uskayaw
Wu Jian
Xom
Yredelemnul
Zin
The Shining One

Shops:
D:3 (((   D:7 :   D:9 [=


Innate Abilities, Weirdness & Mutations

You cannot wear most types of armour.
You are amphibious.
You can wear up to eight rings at the same time.
Your skin changes colour to match your surroundings (Stealth+).
Your rubbery body absorbs attacks. (AC +1, EV +1)
((You are camouflaged when in or above water. (Stealth+)))
You have tentacles for arms and can constrict up to eight enemies at once.


Message History

You block the warg's attack. Something hits you but does no damage.
An orc wizard comes into view. It is wielding a +1 antimagic dagger.
The orc priest looks encouraged for a moment.
The orc wizard shouts!
You hit the warg. You squeeze the warg.
The warg is moderately wounded.
You constrict the orc priest.
You hear a shout!
The orc warrior is no longer distracted by gold.
The orc is no longer distracted by gold.
The warg misses you.
You hit the orc priest but do no damage.
You squeeze the orc priest.
The orc priest is moderately wounded.
You constrict the orc priest.
The orc priest mumbles some strange prayers to Beogh against you.
Beogh smites you!
* * * LOW HITPOINT WARNING * * *
Something hits you.
* * * LOW HITPOINT WARNING * * *
The warg bites you but does no damage.
You feel better.
You constrict the orc priest. The warg barely misses you.
Something hits you but does no damage. The orc priest hits you with a +0 club.
The orc wizard casts a spell.
The orc wizard flickers and vanishes!
You hit the orc priest but do no damage.
The orc priest is heavily wounded.
You constrict the orc priest, but do no damage.
The warg barely misses you. Something barely misses you.
A human comes into view. It is wielding a +0 dagger.
The orc priest closely misses you.
The human shouts!
You hit the orc priest.
The orc priest is almost dead.
You constrict the orc priest, but do no damage.
The warg stops to sniff the ground.
The warg closely misses you.
You hit the orc priest but do no damage.
You squeeze the orc priest.
You kill the orc priest!
The orc priest is no longer distracted by gold.
The warg barely misses you. Something hits you.
As you read the scroll labelled QUPLUD CEJEMAI, it crumbles to dust.
It is a scroll of amnesia.
Okay, then.
The warg completely misses you. You block something's attack.
The warg bites you but does no damage.
As you read the scroll labelled CAAMAP JORPH, it crumbles to dust.
The creatures around you are filled with an inner flame!
It was a scroll of immolation.
The warg closely misses you. Something hits you but does no damage.
The orc priest casts a cantrip, but nothing happens.
You hear a shout!
As you read the scroll labelled HESOWK TANYO, it dissolves into smoke.
It was a scroll of fog.
The warg bites you.
* * * LOW HITPOINT WARNING * * *
Something hits you but does no damage. You block the warg's attack.
Okay, then.
You feel better. The warg barely misses you.
The orc hits you but does no damage. You block something's attack.
The orc warrior hits you but does no damage.
You hear some strange, mumbled words.
A magic dart appears from out of thin air!
The magic dart hits you.
* * * LOW HITPOINT WARNING * * *
The warg closely misses you.
Items here: $ )) [[.
Okay, then.
As you read the scroll labelled ESUIRA QAUN, it crumbles to dust.
You feel aware of your surroundings.
It was a scroll of revelation.
The warg barely misses you. The warg bites you!
* * * LOW HITPOINT WARNING * * *
You feel better. The warg barely misses you. The orc warrior barely misses you.
As you read the scroll labelled JOGAMU NAT ALI, it crumbles to dust.
A wave of despondency washes over your surroundings.
It was a scroll of vulnerability.
You block the warg's attack. The orc warrior barely misses you.
The warg barely misses you.
This is a scroll of acquirement!
You see here a book of Chaos.
Something appears before you! The warg barely misses you.
Okay, then.
As you read the scroll labelled NIESHO TIOKK, it crumbles to dust.
Your body is wracked with pain!
* * * LOW HITPOINT WARNING * * *
The warg convulses!
Flame seeps out of the warg.
The human convulses!
Flame seeps out of the human.
The orc warrior convulses!
Flame seeps out of the orc warrior.
Something is bathed in an unholy light!
Flame seeps out of something.
Something is bathed in an unholy light!
Flame seeps out of something.
It was a scroll of torment.
You block the warg's attack. The orc warrior barely misses you.
Reactivating autopickup.
You feel a bit more experienced.
The orc wizard explodes!
The fiery explosion engulfs something!!
You feel a bit more experienced.
The fiery explosion engulfs the orc warrior!!
The orc warrior explodes!
The fiery explosion engulfs the warg!!
The fiery explosion engulfs you!!
Ouch! That really hurt!
You die...
Your body crumbles into a pile of gold.

,,**,**,,,,**,,,,,* #....
,,,,,,,..........####### #....
,,,,,,,..........####### #....
,,,,,,,.........######## #....
,,,,,,,.........######## #####
,,,,,,,...§§(§§§.####### #
,,,,,,,...§§§§§o.####### #
,,,,,,,..[§..§o############*#####
,,,,,,,......§p§@§......#>.##...#
,,,,,,,..$.##p§§§§$.....#,......#
>,,,,,,.,..##§§§○§...$..#,,.....#
,,,,,,,,,......§§§$$..$.#####...#
,,,,,,,,,......#######.....##...#
**,,,,,,..##......#..#.....#....#
,,,,,,,,..##......#..#.....#....'
,,,,,,,,,.........#..#.....#....#
,,,,,,**,,....,,,,#..'.....#....#


You could see a human (inner flame) and an orc (inner flame, weak-willed).

Vanquished Creatures
  Maurice (D:8)
  A komodo dragon (D:7)
  A troll (D:7)
  A slime creature (D:7)
  Eustachio (D:6)
  4 yaks (D:8)
  2 steam dragons
  A vampire mosquito (D:7)
  A warg (D:9)
  3 black bears
  2 orc warriors
  3 ice beasts
  A sky beast (D:8)
  An ogre (D:4)
  A gnoll sergeant (D:8)
  A bullfrog (D:7)
  4 scorpions
  4 wights (D:6)
  8 killer bees (D:8)
  A howler monkey (D:9)
  4 gnoll boudas
  2 jellies (D:5)
  3 orc priests
  3 hounds
  3 iron imps (D:3)
  2 sleepcaps
  4 iguanas
  10 orc wizards
  Robin (D:2)
  27 gnolls
  7 adders
  A white imp (D:7)
  6 ufetubi
  2 ribbon worms
  3 dart slugs
  29 orcs
  8 endoplasms
  2 giant cockroaches
  12 hobgoblins
  5 jackals
  5 kobolds
  A quokka (D:2)
  8 ball pythons
  2 bats (D:2)
  3 frilled lizards (D:1)
  16 goblins
  3 rats
214 creatures vanquished.

Notes
Turn   | Place    | Note
-------+----------+-------------------------------------------
     0 | D:1      | edsrzf the Octopode Reaver began the quest for the Orb.
     0 | D:1      | Reached XP level 1. HP: 14/14 MP: 3/3
   225 | D:1      | Reached XP level 2. HP: 17/19 MP: 5/5
   659 | D:1      | Learned a level 2 spell: Momentum Strike
   913 | D:2      | Noticed Robin
   921 | D:2      | Reached skill level 1 in Stealth
   960 | D:2      | Reached XP level 3. HP: 22/24 MP: 6/6
   977 | D:2      | Reached skill level 4 in Long Blades
  1002 | D:2      | Found a faded altar of an unknown god.
  1189 | D:2      | Learned a level 2 spell: Blink
  1199 | D:2      | Reached skill level 2 in Stealth
  1549 | D:2      | Killed Robin
  1550 | D:2      | Reached XP level 4. HP: 25/29 MP: 7/7
  1565 | D:2      | Reached skill level 1 in Translocations
  2294 | D:3      | Found a burning altar of Makhleb.
  2317 | D:3      | Reached skill level 2 in Translocations
  2317 | D:3      | Reached XP level 5. HP: 33/34 MP: 8/8
  2326 | D:3      | Reached skill level 5 in Long Blades
  2449 | D:3      | Found a glowing silver altar of Zin.
  2449 | D:3      | Found a glowing golden altar of the Shining One.
  2450 | D:3      | Found a white marble altar of Elyvilon.
  2689 | D:3      | Reached skill level 3 in Translocations
  2689 | D:3      | Reached XP level 6. HP: 32/39 MP: 9/9
  2753 | D:3      | Found Kuxashri's Antique Weapon Emporium.
  2787 | D:3      | Found Tiqemake's Antique Weapon Emporium.
  2795 | D:3      | Found a shimmering altar of Xom.
  2796 | D:3      | Found a hide-covered altar of Uskayaw.
  2845 | D:3      | Found Yczocw's Antique Weapon Shoppe.
  2868 | D:3      | Found an opulent altar of Gozag.
  2976 | D:3      | Became a worshipper of Gozag Ym Sagoz the Greedy
  3223 | D:4      | Reached skill level 3 in Stealth
  3255 | D:4      | Reached skill level 4 in Stealth
  3288 | D:3      | Bought a steaming dagger for 154 gold pieces
  3288 | D:3      | Identified the +6 dagger of the Viny God {protect, rC+}
                  | (You bought it in a shop on level 3 of the Dungeon)
  3337 | D:4      | Noticed a black bear
  3348 | D:4      | Killed a black bear
  3349 | D:4      | Reached skill level 6 in Long Blades
  3349 | D:4      | Reached XP level 7. HP: 33/45 MP: 10/10
  3415 | D:4      | Noticed a shadow
  3416 | D:4      | Found a shadowy altar of Dithmenos.
  3417 | D:4      | Found a hazy altar of Hepliaklqana.
  3518 | D:4      | Found an ornate altar of the Wu Jian Council.
  3651 | D:4      | Found an ancient bone altar of Kikubaaqudgha.
  3693 | D:5      | Entered Level 5 of the Dungeon
  3693 | D:5      | Found a broken altar of Ashenzari.
  3703 | D:5      | Reached skill level 5 in Stealth
  3729 | D:5      | Found a staircase to the Ecumenical Temple.
  3753 | D:5      | Learned a level 3 spell: Stone Arrow
  4086 | D:5      | Reached skill level 6 in Stealth
  4193 | D:5      | Reached skill level 7 in Long Blades
  4193 | D:5      | Reached XP level 8. HP: 50/50 MP: 11/11
  4201 | D:5      | Identified 3 scrolls of identify
  4201 | D:5      | Identified 2 potions of magic
  4202 | D:5      | Identified a potion of invisibility
  4203 | D:5      | Identified 3 potions of curing
  4279 | D:5      | Reached skill level 7 in Stealth
  4649 | D:6      | Reached skill level 8 in Stealth
  4839 | D:6      | Reached skill level 8 in Long Blades
  4964 | D:6      | Reached skill level 9 in Stealth
  5097 | D:6      | Identified a potion of lignification
  5236 | D:6      | Reached XP level 9. HP: 49/54 MP: 12/12
  5368 | D:6      | Reached skill level 10 in Stealth
  5458 | D:6      | Noticed Eustachio
  5821 | D:6      | Killed Eustachio
  5822 | D:6      | Reached skill level 9 in Long Blades
  5889 | D:7      | Reached skill level 3 in Spellcasting
  6291 | D:7      | Found a stormy altar of Qazlal.
  6340 | D:7      | Noticed a komodo dragon
  6344 | D:7      | Reached skill level 4 in Spellcasting
  6471 | D:7      | Found a basalt altar of Yredelemnul.
  6493 | D:7      | Reached skill level 10 in Long Blades
  6535 | D:7      | Found Ymikkuf's Book Shop.
  6909 | D:7      | Noticed a troll
  6924 | D:7      | Killed a troll
  6925 | D:7      | Reached skill level 5 in Spellcasting
  7045 | D:7      | Killed a komodo dragon
  7046 | D:7      | Reached XP level 10. HP: 60/60 MP: 16/18
  7183 | D:8      | Noticed Maurice
  7451 | D:8      | Reached skill level 6 in Spellcasting
  7845 | D:8      | Learned a level 4 spell: Dispel Undead
  7999 | D:8      | Reached skill level 11 in Long Blades
  8014 | D:8      | Reached skill level 3 in Dodging
  8472 | D:8      | Killed Maurice
  8473 | D:8      | Reached skill level 4 in Dodging
  8558 | D:9      | Found Ridiel's Jewellery Shoppe.
  8559 | D:9      | Identified a potion of cancellation
  8603 | D:9      | Found Viapurhu's Antique Armour Emporium.
  8683 | D:9      | Identified 2 scrolls of amnesia
  8684 | D:9      | Identified 2 scrolls of immolation
  8685 | D:9      | Identified 2 scrolls of fog
  8689 | D:9      | Identified 2 scrolls of revelation
  8691 | D:9      | Identified 2 scrolls of vulnerability
  8692 | D:9      | Identified a scroll of acquirement
  8692 | D:9      | Acquired a book of Chaos
  8693 | D:9      | Identified a scroll of torment
  8693 | D:9      | Killed by an exploding orc warrior... ignited by their
                  | inner flame

Illustrated notes

Levels and vault maps discovered:
D:1:      heliophobic_arrival_dark_side_of_the_moon, layout_basic
D:2:      layout_loops_corners, shapermc_ecumenical_altar_mp_highgroup,
          nicolae_eternal_life, guppyfry_early_orc_mine, uniq_robin
D:3:      layout_rooms, good_gods_temple_1, demons_altar,
          grunt_gozag_breadcrumbs, mainiacjoe_overflow_divided_tiny,
          serial_shops, nicolae_square_shop, nicolae_shop_tiny_real_fake_doors,
          shop, chequers_mini_garden
D:4:      layout_rooms, riverfiend_overflow_shadow_ancestor,
          kiku_gazebo_pond_becter, nicolae_wu_jian_glorious_leap,
          minmay_misc_feat_chi, kennysheep_generic_room_5
D:5:      nicolae_BIG_FREAKIN_CUBE, layout_rooms, ashenzari_conservatory_becter,
          minmay_temple_entry_overgrown, kennysheep_generic_room_12
D:6:      layout_loops_corners, uniq_eustachio
D:7:      layout_basic, mainiacjoe_overflow_tiny_flanked,
          mainiacjoe_overflow_alcove_1, serial_shops, nicolae_diamond_shop,
          minivault_19, kb_rosetta
D:8:      layout_basic, uniq_maurice
D:9:      layout_gridville, erik_orc_4, serial_shops, shop, shop,
          minmay_misc_feat_plants, kennysheep_generic_room_16, uniq_jeremiah,
          uniq_erolcha

Skill      XL: |  1  2  3  4  5  6  7  8  9 10 |
---------------+-------------------------------+-----
Stealth        | 1 2 4 6 9 10 | 10.0
Long Blades    | 4 5 6 7 8 10 11 | 11.5
Translocations | 2 3 |  3.1
Spellcasting   | 5 6 |  6.0
Dodging        | 4 |  4.5
Fighting       | |  2.0
Conjurations   | |  3.0

Action                     |  1- 3 |  4- 6 |  7- 9 | 10-12 || total
---------------------------+-------+-------+-------+-------++-------
  Melee: Falchion          |    13 |    13 |       |       ||    26
         Constrict         |    16 |    25 |    58 |    18 ||   117
         Tentacles         |    11 |    29 |    85 |    47 ||   172
         Dagger            |    60 |   105 |   298 |   158 ||   621
         Punch             |       |     1 |     5 |     1 ||     7
  Throw: Dart              |       |     1 |    10 |     2 ||    13
         Throwing net      |       |       |     2 |       ||     2
  Evoke: Wand              |       |       |     1 |       ||     1
    Use: Scroll            |       |       |     4 |     8 ||    12
         Potion            |       |       |     2 |     3 ||     5
   Stab: Sleeping          |     5 |     8 |    17 |     2 ||    32
         Distracted        |     1 |       |     1 |     1 ||     3
         Held in net/web   |       |       |     3 |       ||     3
 Armour: Skin              |    27 |    49 |   125 |    86 ||   287
  Dodge: Dodged            |    38 |    57 |   145 |    87 ||   327
  Block: Other             |       |       |       |     9 ||     9
